Map: Abiogenesis LE

Players

HeRoMaRinE - Winner!

  • Race: Terran Terran
  • Spawn Location: 5:00

Kelazhur

  • Race: Terran Terran
  • Spawn Location: 11:00

Event: IEM Season 12 - PyeongChang

VOD

Have the link to the VOD?

Description

Time

  • Played on: Feb. 5, 2018, 1:26 a.m.
  • Length: 15:11

All games in this series

Show
View Real Time Build Order
Export as new Build Order

HeRoMaRinE Terran - Winner!

Build Orders: Cyclone Opening 

Get SALT Encoding   

  12  0:00  SCV  
  13  0:12  SCV  
  14  0:17  Supply Depot  
  14  0:24  SCV  
  14  0:28  Refinery  
  15  0:39  SCV  
  16  0:45  Barracks  
  16  0:51  SCV  
  16  0:55  Refinery  
  17  1:03  SCV  
  18  1:15  SCV  
  19  1:31  Orbital Command  
  19  1:34  Factory  
  19  1:36  Reaper  
  20  1:47  Supply Depot  
  20  1:57  SCV  
  21  2:08  Reaper  
  21  2:09  SCV  
  23  2:17  Cyclone  
  23  2:21  SCV  
  27  2:33  SCV  
  28  2:41  Command Center  
  28  2:44  Barracks Reactor  
  28  2:51  Cyclone  
  31  2:54  Supply Depot  
  31  3:06  SCV  
  31  3:18  SCV  
  30  3:30  SCV  
  28  3:35  Cyclone x2  
  32  3:42  SCV  
  32  3:54  Engineering Bay  
  33  3:55  SCV  
  33  4:14  Cyclone x2  
  38  4:23  SCV  
  36  4:35  SCV  
  37  4:50  Cyclone x2  
  44  4:53  Orbital Command  
  44  4:56  SCV  
  44  5:08  SCV  
  45  5:20  SCV  
  46  5:22  Cyclone  
  49  5:32  SCV  
  49  5:34  SCV  
  48  5:37  Cyclone  
  48  5:41  Supply Depot  
  51  5:44  SCV  
  51  5:46  SCV  
  53  5:55  Missile Turret  
  53  5:56  Missile Turret, SCV  
  54  6:03  Cyclone, SCV  
  58  6:05  Supply Depot  
  58  6:09  SCV  
  59  6:14  Cyclone  
  62  6:23  SCV x2  
  61  6:35  Cyclone, SCV x2  
  66  6:47  SCV x2  
  54  6:57  Cyclone  
  54  6:59  SCV x2, Command Center  
  59  7:02  Refinery  
  59  7:03  Refinery  
  59  7:10  Cyclone  
  59  7:11  SCV x2  
  64  7:17  Supply Depot  
  64  7:24  SCV x2  
  66  7:36  SCV x2  
  65  7:39  Cyclone  
  65  7:44  Cyclone  
  71  7:45  Supply Depot  
  71  7:48  Supply Depot, SCV x2  
  73  7:54  Factory  
  73  8:00  SCV x2  
  73  8:03  Barracks Tech Lab  
  75  8:09  Supply Depot  
  75  8:10  Factory  
  75  8:12  SCV x2, Orbital Command  
  77  8:19  Missile Turret  
  77  8:24  SCV x2  
  79  8:36  SCV x2  
  79  8:38  Cyclone x2  
  87  8:42  SCV  
  85  8:48  SCV x2  
  85  8:49  Refinery  
  85  8:50  Refinery  
  85  8:53  Siege Tank, Factory Tech Lab  
  85  8:54  SCV  
  91  8:57  Armory  
  91  9:00  SCV x2  
  93  9:04  Supply Depot  
  93  9:06  Supply Depot  
  93  9:07  SCV  
  94  9:12  SCV x2  
  96  9:18  Hellion x2, Siege Tank  
  96  9:19  SCV  
  101  9:25  SCV x2, Siege Tank  
  101  9:28  Supply Depot  
  101  9:31  SCV  
  106  9:37  SCV x2  
  107  9:41  Starport  
  107  9:43  SCV, Hellion x2  
  112  9:48  Supply Depot  
  112  9:49  SCV x2  
  112  9:50  Siege Tank, Terran Vehicle Weapons Level 1  
  117  9:55  Barracks Reactor, SCV  
  117  9:57  Siege Tank  
  117  9:58  Supply Depot  
  121  10:04  Hellion x2  
  123  10:07  Factory  
  123  10:10  Factory  
  118  10:22  Siege Tank  
  118  10:26  Hellion x2  
  122  10:29  Siege Tank  
  93  10:47  Hellion x2  
  61  10:54  Siege Tank  
  61  10:55  Orbital Command  
  60  11:01  Hellion  
  62  11:09  Hellion, SCV x2  
  66  11:15  Viking x2  
  69  11:25  Siege Tank  
  41  11:56  Viking  
  41  11:58  SCV  
  41  12:00  SCV  
  45  12:05  SCV  
  45  12:08  Viking  
  43  12:10  SCV, Liberator  
  43  12:12  SCV  
  45  12:17  SCV  
  45  12:22  SCV  
  47  12:24  SCV  
  47  12:29  SCV  
  52  12:32  Refinery  
  52  12:34  SCV  
  52  12:36  SCV  
  54  12:39  Siege Tank  
  54  12:41  SCV  
  58  12:46  SCV  
  58  12:48  SCV  
  58  12:49  Orbital Command  
  58  12:50  Siege Tank  
  63  12:58  SCV  
  63  13:00  SCV  
  63  13:01  Hellion x2  
  69  13:11  Refinery  
  73  13:15  Viking  
  73  13:19  SCV x2  
  74  13:20  SCV  
  74  13:31  SCV  
  74  13:32  SCV x2  
  77  13:36  Viking  
  79  13:43  SCV  
  79  13:44  SCV  
  79  13:45  SCV  
  82  13:50  Viking  
  82  13:55  Liberator  
  84  13:58  Factory Tech Lab  
  84  14:02  Siege Tank x2  
  90  14:04  Hellion  
  92  14:16  SCV x2  
  97  14:17  SCV  
  97  14:20  Viking  
  97  14:23  Supply Depot  
  100  14:27  Siege Tank  
  100  14:28  SCV x2  
  100  14:29  SCV  
  100  14:31  Supply Depot  
  106  14:40  SCV x2  
  106  14:41  SCV  
  106  14:52  SCV x2  
Show
View Real Time Build Order
Export as new Build Order

Kelazhur Terran 

Build Orders: 1/1/1, Cyclone Opening 

Get SALT Encoding   

  12  0:00  SCV  
  13  0:12  SCV  
  14  0:17  Supply Depot  
  14  0:24  SCV  
  14  0:27  Refinery  
  15  0:38  SCV  
  16  0:44  Barracks  
  16  0:50  SCV  
  16  0:55  Refinery  
  17  1:03  SCV  
  18  1:15  SCV  
  19  1:31  Orbital Command  
  19  1:33  Factory  
  19  1:35  Reaper  
  20  1:44  Supply Depot  
  20  1:56  SCV  
  21  2:07  Reaper  
  22  2:08  SCV  
  23  2:17  Cyclone  
  23  2:19  Starport  
  23  2:22  SCV  
  27  2:29  Supply Depot  
  27  2:34  SCV  
  28  2:39  Barracks Tech Lab  
  28  2:46  SCV  
  28  2:49  Hellion  
  31  2:58  SCV  
  31  3:03  Raven  
  34  3:11  SCV  
  34  3:12  Supply Depot  
  35  3:23  Cyclone, SCV  
  36  3:35  SCV  
  37  3:55  SCV  
  37  4:05  Cyclone  
  37  4:08  Barracks Reactor  
  37  4:09  SCV  
  41  4:15  Command Center  
  41  4:24  Supply Depot  
  41  4:35  SCV  
  42  4:48  Command Center  
  42  4:49  SCV  
  42  4:50  Cyclone x2  
  49  5:03  Viking  
  49  5:04  SCV  
  52  5:16  SCV  
  49  5:25  Cyclone  
  51  5:34  SCV, Orbital Command  
  52  5:40  Refinery  
  52  5:45  Cyclone  
  52  5:46  Refinery  
  52  5:47  SCV  
  56  5:59  SCV x2  
  56  6:03  Orbital Command  
  58  6:04  Cyclone  
  58  6:10  Supply Depot  
  61  6:11  SCV x2  
  63  6:23  SCV x2  
  63  6:24  Cyclone  
  68  6:32  SCV  
  69  6:35  SCV, Factory  
  69  6:36  SCV  
  69  6:37  Barracks Tech Lab  
  71  6:41  Factory  
  71  6:44  SCV  
  72  6:48  SCV x2  
  72  6:52  Cyclone  
  63  6:55  Marine  
  63  6:56  SCV  
  63  6:58  Cyclone, Bunker  
  63  7:00  SCV x2  
  62  7:08  SCV  
  62  7:12  Viking, SCV x2  
  62  7:13  Marauder  
  69  7:21  SCV  
  65  7:24  Cyclone  
  65  7:26  SCV  
  56  7:31  Cyclone  
  56  7:37  Cyclone  
  56  7:38  SCV  
  56  7:41  SCV  
  61  7:46  SCV  
  61  7:50  SCV  
  63  7:53  SCV  
  64  7:58  SCV  
  64  8:00  Hellion  
  64  8:02  SCV  
  68  8:05  Armory  
  68  8:06  SCV  
  68  8:08  Siege Tank  
  68  8:09  Hellion  
  68  8:10  SCV, Siege Tank  
  78  8:14  SCV  
  78  8:16  Supply Depot  
  78  8:18  SCV  
  80  8:23  Starport Reactor  
  80  8:26  SCV  
  82  8:33  Hellion x2  
  85  8:35  SCV  
  85  8:36  Factory  
  85  8:37  Factory  
  85  8:38  SCV  
  87  8:46  Refinery  
  87  8:48  SCV  
  86  8:49  Refinery  
  86  8:51  SCV  
  86  8:53  Siege Tank  
  90  9:01  SCV, Siege Tank  
  94  9:06  SCV  
  94  9:08  Hellion x2  
  98  9:10  Orbital Command  
  98  9:19  SCV  
  98  9:22  SCV  
  100  9:28  Factory Tech Lab, Factory Reactor  
  100  9:29  Supply Depot  
  100  9:30  Supply Depot, Siege Tank  
  103  9:32  SCV  
  103  9:34  Hellion x2, Siege Tank  
  103  9:38  SCV x2  
  108  9:42  Terran Vehicle Weapons Level 1  
  109  9:49  Supply Depot  
  109  9:50  SCV  
  109  9:51  Viking x2  
  114  9:53  Supply Depot  
  114  9:54  SCV  
  114  9:57  Siege Tank  
  114  9:58  Hellion x2  
  123  10:00  SCV  
  123  10:03  Supply Depot  
  123  10:05  Supply Depot  
  123  10:08  SCV  
  123  10:11  Siege Tank x2  
  130  10:17  Supply Depot  
  124  10:22  Hellion x2  
  101  10:29  Siege Tank  
  73  10:43  Siege Tank  
  73  10:45  Hellion  
  75  10:53  Siege Tank  
  74  11:04  SCV, Orbital Command  
  74  11:17  SCV  
  75  11:29  SCV  
  75  11:31  SCV  
  71  11:42  Siege Tank  
  71  11:45  Hellion  
  71  11:46  Hellion, SCV x2  
  62  11:58  SCV  
  62  11:59  SCV  
  64  12:10  SCV  
  64  12:11  Viking, SCV  
  66  12:22  Viking  
  68  12:23  SCV x2  
  68  12:26  Terran Vehicle Weapons Level 2  
  70  12:35  SCV  
  71  12:37  SCV  
  71  12:42  Viking  
  74  12:46  Thor  
  80  12:58  SCV x2  
  82  13:08  Siege Tank  
  82  13:11  SCV  
  86  13:15  Command Center  
  86  13:28  Viking x2  
  90  13:35  Siege Tank  
  93  13:42  Siege Tank  
  96  13:57  Siege Tank  
  98  14:12  Siege Tank  
  98  14:14  Siege Tank  
  104  14:21  SCV x2  
  78  14:54  SCV  

Tags
 
Add a new tag
Caveats
  • Supply blocks, unpowered buildings, or Contaminate may cause inaccurate times.
  • Supply counts are checked every 10 seconds.